Senators vs Avalanche

Created - February 8 2012 at 19:23

Goals
1 2 3 OT1 SO T
Senators 2 1 0 0 1 3
Avalanche 2 1 0 0 2 4
Shots
1 2 3 OT1 SO T
Senators 9 12 12 3 3 36
Avalanche 15 3 10 1 2 29

Period #1

1. Senators , Jason Spezza 23 (Nicklas Lidstrom, Claude Giroux) at 3:49 (PP)
2. Avalanche , Jeff Skinner 27 (Daniel Briere, Olli Jokinen) at 4:09
3. Avalanche , Milan Hejduk 17 (T.J. Oshie, John Carlson) at 12:02
4. Senators , Claude Giroux 24 (Brian Rafalski, John Tavares) at 19:55

Penalties :
Kevin Klein (COL) for Holding (Minor) at 2:33, Shawn Horcoff (COL) for Tripping (Minor) at 18:45, James Wisniewski (OTT) for Hooking (Minor) at 18:45

Period #2

5. Avalanche , Steve Downie 9 (Michael Del Zotto, Shawn Horcoff) at 14:50
6. Senators , Sidney Crosby 36 (Thomas Vanek, Nicklas Lidstrom) at 17:10

Penalties :
Claude Giroux (OTT) for Holding (Minor) at 1:32, Brian Rafalski (OTT) for Hooking (Minor) at 9:46, Jamie Benn (OTT) for Boarding (Minor) at 12:36, Paul Mara (COL) for Hooking (Minor) at 18:46

Period #3

No Goal

Penalties :
Nicklas Lidstrom (OTT) for Elbowing (Minor) at 1:34, Sidney Crosby (OTT) for Goalie Interference (Minor) at 5:54, James Wisniewski (OTT) for Tripping (Minor) at 6:09, Dion Phaneuf (OTT) for Slashing (Minor) at 8:01

Overtime #1

No Goal

Penalties :
No Penalty

Shootout

Penalty Shot by Dion Phaneuf for Senators - Stopped by Antti Niemi
Penalty Shot by Teemu Selanne for Avalanche - Goal!
Penalty Shot by John Tavares for Senators - Goal!
Penalty Shot by Daniel Briere for Avalanche - Goal!
Penalty Shot by Jason Spezza for Senators - Shot Misses the Net

Penalties :
No Penalty

Goalie Stats

Craig Anderson (OTT), 26 saves from 29 shots - (0.897), OTL, 19-19-4, 65:00 minutes
Antti Niemi (COL), 33 saves from 36 shots - (0.917), W, 26-13-3, 65:00 minutes

Players Stats

Senators
Player Name              G  A  P  +/- PIM S  H  SB FO    MP 
------------------------------------------------------------
Brad Boyes               0  0  0  -2  0   3  0  1  1/1   16 
Brian Rafalski           0  1  1   0  2   1  3  3  0/0   24 
Claude Giroux            1  1  2   0  2   8  4  0  1/1   19 
Cory Stillman            0  0  0   0  0   2  2  1  1/1   16 
Craig Conroy             0  0  0   0  0   0  0  0  1/6   5  
Daniel Winnik            0  0  0  -1  0   0  1  0  2/3   19 
Dion Phaneuf             0  0  0  -1  2   0  5  1  0/0   22 
James Wisniewski         0  0  0  -1  4   0  2  0  0/0   21 
Jamie Benn               0  0  0  -1  2   4  5  0  0/0   18 
Jason Spezza             1  0  1  -1  0   4  0  0  15/25 18 
John Tavares             0  1  1   0  0   2  0  0  11/27 18 
Mike Weaver              0  0  0   2  0   0  0  0  0/0   20 
Nicklas Lidstrom         0  2  2   0  2   3  0  0  0/0   23 
Peter Regin              0  0  0   0  0   0  0  0  0/1   5  
Ryan Johnson             0  0  0   0  0   0  0  0  4/7   6  
Sidney Crosby            1  0  1   0  2   4  2  2  13/22 19 
Steve Staios             0  0  0  -1  0   0  0  0  0/0   17 
Thomas Vanek             0  1  1   0  0   5  2  1  0/0   17 
Avalanche
Player Name              G  A  P  +/- PIM S  H  SB FO    MP 
------------------------------------------------------------
Bryan Bickell            0  0  0   0  0   0  0  0  0/0   6  
Daniel Briere            0  1  1   0  0   9  2  1  13/22 23 
Derek Stepan             0  0  0   1  0   2  0  0  1/4   15 
Jason Demers             0  0  0   0  0   0  0  0  0/0   20 
Jeff Skinner             1  0  1   0  0   2  2  0  1/6   20 
John Carlson             0  1  1   0  0   1  0  0  0/0   25 
Justin Abdelkader        0  0  0   0  0   0  0  0  5/11  6  
Kevin Klein              0  0  0   0  2   1  5  2  0/0   25 
Kevin Shattenkirk        0  0  0   0  0   2  1  2  0/0   22 
Michael Del Zotto        0  1  1   1  0   0  1  1  0/0   18 
Milan Hejduk             1  0  1   1  0   2  0  0  3/3   18 
Olli Jokinen             0  1  1   0  0   0  1  0  8/17  19 
Paul Mara                0  0  0   1  2   0  0  1  0/0   17 
Shawn Horcoff            0  1  1   1  2   2  0  0  10/19 15 
Steve Downie             1  0  1   1  0   2  3  0  2/2   15 
T.J. Oshie               0  1  1   1  0   2  0  0  0/3   20 
Teemu Selanne            0  0  0  -1  0   4  2  0  2/6   22 
Tomas Kopecky            0  0  0   0  0   0  0  0  0/1   7  

3 Stars

1 - Steve Downie (COL)
2 - Claude Giroux (OTT)
3 - Jeff Skinner (COL)

Power Play

Senators - 1 on 2 Attempt(s) - 50.00%
Avalanche - 0 on 7 Attempt(s) - 0.00%

Penalty Kill

Senators - 7 on 7 Attempt(s) - 100.00% - Score 0 goal in Penalty Kill
Avalanche - 1 on 2 Attempt(s) - 50.00% - Score 0 goal in Penalty Kill

Game Notes

No Game Note

Finance

Level 1 -- Attendance: 5192 (79.88%) -- Ticket Income $467,280.00
Level 2 -- Attendance: 3918 (78.36%) -- Ticket Income $235,080.00
Level 3 -- Attendance: 2224 (63.54%) -- Ticket Income $100,080.00
Level 4 -- Attendance: 1230 (61.29%) -- Ticket Income $43,050.00
Luxury Box -- Attendance: 786 (78.60%) -- Ticket Income $149,340.00
Game was played at the Pepsi Center
Total Attendance: 13350 (74.14%)
Total Ticket Income: $1,053,357.00
Other Income: $181,424.10
Total Income: $1,234,781.00


Play by Play

Period #1

0:01 of 1st period - Sidney Crosby wins face-off versus Daniel Briere in neutral zone.
0:28 of 1st period - Shot by T.J. Oshie.
0:28 of 1st period - Deflect By Daniel Briere.
0:28 of 1st period - Stopped by Craig Anderson without a rebound.
0:29 of 1st period - John Tavares wins face-off versus Teemu Selanne in Senators zone.
0:29 of 1st period - John Tavares is hit by Jeff Skinner.
0:35 of 1st period - Shot by Claude Giroux.
0:35 of 1st period - Shot Blocked by Kevin Shattenkirk.
0:46 of 1st period - Teemu Selanne is hit by Brian Rafalski.
1:03 of 1st period - Shot by Claude Giroux.
1:03 of 1st period - Stopped by Antti Niemi without a rebound.
1:04 of 1st period - Jason Spezza wins face-off versus Shawn Horcoff in Avalanche zone.
1:19 of 1st period - Shot by Steve Downie.
1:19 of 1st period - Deflect By Shawn Horcoff.
1:19 of 1st period - Stopped by Craig Anderson without a rebound.
1:20 of 1st period - Sidney Crosby wins face-off versus Daniel Briere in Senators zone.
1:35 of 1st period - Shot by Daniel Briere.
1:35 of 1st period - Stopped by Craig Anderson with a rebound.
2:01 of 1st period - Thomas Vanek is hit by Daniel Briere and loses puck.
2:25 of 1st period - Claude Giroux is hit by Kevin Klein and loses puck.
2:33 of 1st period - Minor Penalty to Kevin Klein for Holding.
2:34 of 1st period - Derek Stepan wins face-off versus John Tavares in Avalanche zone.
3:39 of 1st period - Shot by Claude Giroux.
3:39 of 1st period - Shot Misses the Net.
3:49 of 1st period - Shot by Jason Spezza.
3:49 of 1st period - Goal by Jason Spezza - Senators : 1 - Avalanche : 0.
3:50 of 1st period - Jason Spezza wins face-off versus Olli Jokinen in neutral zone.
4:09 of 1st period - Shot by Jeff Skinner.
4:09 of 1st period - Goal by Jeff Skinner - Senators : 1 - Avalanche : 1.
4:10 of 1st period - John Tavares wins face-off versus Shawn Horcoff in neutral zone.
4:30 of 1st period - Off-side.
4:31 of 1st period - Olli Jokinen wins face-off versus Sidney Crosby in neutral zone.
4:40 of 1st period - Shot by Jeff Skinner.
4:40 of 1st period - Shot Misses the Net.
5:31 of 1st period - Icing by Jason Spezza.
5:32 of 1st period - Steve Downie wins face-off versus Jason Spezza in Senators zone.
5:55 of 1st period - Shot by Shawn Horcoff.
5:55 of 1st period - Shot Misses the Net.
6:04 of 1st period - Off-side.
6:05 of 1st period - Daniel Briere wins face-off versus John Tavares in neutral zone.
6:08 of 1st period - John Tavares is hit by Daniel Briere and loses puck.
6:26 of 1st period - Icing by Brian Rafalski.
6:27 of 1st period - John Tavares wins face-off versus Justin Abdelkader in Senators zone.
6:37 of 1st period - Icing by Daniel Winnik.
6:38 of 1st period - Shawn Horcoff wins face-off versus John Tavares in Senators zone.
6:39 of 1st period - Shot by Steve Downie.
6:39 of 1st period - Deflect By Derek Stepan.
6:39 of 1st period - Stopped by Craig Anderson without a rebound.
6:40 of 1st period - Sidney Crosby wins face-off versus Shawn Horcoff in Senators zone.
6:47 of 1st period - Steve Downie is hit by Thomas Vanek and loses puck.
7:09 of 1st period - Icing by Michael Del Zotto.
7:10 of 1st period - Steve Downie wins face-off versus John Tavares in Avalanche zone.
7:19 of 1st period - Shot by Shawn Horcoff.
7:19 of 1st period - Stopped by Craig Anderson without a rebound.
7:20 of 1st period - Milan Hejduk wins face-off versus Jason Spezza in Senators zone.
7:20 of 1st period - Milan Hejduk is hit by Dion Phaneuf.
7:24 of 1st period - Shot by T.J. Oshie.
7:24 of 1st period - Stopped by Craig Anderson without a rebound.
7:25 of 1st period - Jason Spezza wins face-off versus Olli Jokinen in Senators zone.
7:32 of 1st period - Shot by Brad Boyes.
7:32 of 1st period - Stopped by Antti Niemi without a rebound.
7:33 of 1st period - Daniel Briere wins face-off versus John Tavares in Avalanche zone.
7:42 of 1st period - Shot by Daniel Briere.
7:42 of 1st period - Stopped by Craig Anderson with a rebound.
8:46 of 1st period - Shot by Sidney Crosby.
8:46 of 1st period - Shot Misses the Net.
9:01 of 1st period - Shot by Teemu Selanne.
9:01 of 1st period - Shot Misses the Net.
9:03 of 1st period - Shot by Teemu Selanne.
9:03 of 1st period - Shot Blocked by Thomas Vanek.
9:05 of 1st period - Shot by Kevin Shattenkirk.
9:05 of 1st period - Stopped by Craig Anderson without a rebound.
9:06 of 1st period - Shawn Horcoff wins face-off versus Jason Spezza in Senators zone.
9:12 of 1st period - Derek Stepan is hit by Dion Phaneuf and loses puck.
9:33 of 1st period - Shot by Jason Spezza.
9:33 of 1st period - Shot Blocked by Michael Del Zotto.
9:55 of 1st period - Icing by Dion Phaneuf.
9:56 of 1st period - Brad Boyes wins face-off versus Olli Jokinen in Senators zone.
9:56 of 1st period - Brad Boyes is hit by Jeff Skinner.
10:07 of 1st period - Icing by Kevin Shattenkirk.
10:08 of 1st period - Sidney Crosby wins face-off versus Olli Jokinen in Avalanche zone.
10:23 of 1st period - Shot by Teemu Selanne.
10:23 of 1st period - Shot Misses the Net.
10:33 of 1st period - Jason Demers is hit by Cory Stillman and loses puck.
10:50 of 1st period - Shot by Cory Stillman.
10:50 of 1st period - Stopped by Antti Niemi without a rebound.
10:51 of 1st period - John Tavares wins face-off versus Daniel Briere in Avalanche zone.
11:00 of 1st period - Shot by John Tavares.
11:00 of 1st period - Stopped by Antti Niemi without a rebound.
11:01 of 1st period - Shawn Horcoff wins face-off versus John Tavares in Avalanche zone.
11:58 of 1st period - Shot by T.J. Oshie.
11:58 of 1st period - Shot Misses the Net.
12:00 of 1st period - Shot by T.J. Oshie.
12:00 of 1st period - Shot Misses the Net.
12:02 of 1st period - Shot by Milan Hejduk.
12:02 of 1st period - Goal by Milan Hejduk - Senators : 1 - Avalanche : 2.
12:03 of 1st period - Cory Stillman wins face-off versus Justin Abdelkader in neutral zone.
12:06 of 1st period - Shot by Thomas Vanek.
12:06 of 1st period - Stopped by Antti Niemi without a rebound.
12:07 of 1st period - Olli Jokinen wins face-off versus Sidney Crosby in Avalanche zone.
13:18 of 1st period - Off-side.
13:19 of 1st period - Shawn Horcoff wins face-off versus Jason Spezza in neutral zone.
13:21 of 1st period - Steve Downie is hit by Dion Phaneuf and loses puck.
13:59 of 1st period - Shot by Steve Downie.
13:59 of 1st period - Stopped by Craig Anderson without a rebound.
14:00 of 1st period - Daniel Briere wins face-off versus Daniel Winnik in Senators zone.
15:15 of 1st period - Shot by Teemu Selanne.
15:15 of 1st period - Stopped by Craig Anderson without a rebound.
15:16 of 1st period - Shawn Horcoff wins face-off versus Sidney Crosby in Senators zone.
15:31 of 1st period - Sidney Crosby is hit by Steve Downie and loses puck.
15:50 of 1st period - Michael Del Zotto is hit by Thomas Vanek.
16:15 of 1st period - Brad Boyes is hit by Steve Downie and loses puck.
16:48 of 1st period - Shot by Teemu Selanne.
16:48 of 1st period - Shot Misses the Net.
16:50 of 1st period - Shot by Teemu Selanne.
16:50 of 1st period - Stopped by Craig Anderson without a rebound.
16:51 of 1st period - Daniel Briere wins face-off versus John Tavares in Senators zone.
17:54 of 1st period - Shot by Cory Stillman.
17:54 of 1st period - Stopped by Antti Niemi without a rebound.
17:55 of 1st period - Olli Jokinen wins face-off versus Jason Spezza in Avalanche zone.
18:00 of 1st period - Shot by Jeff Skinner.
18:00 of 1st period - Stopped by Craig Anderson with a rebound.
18:17 of 1st period - Shot by Jason Spezza.
18:17 of 1st period - Stopped by Antti Niemi without a rebound.
18:18 of 1st period - Shawn Horcoff wins face-off versus Sidney Crosby in Avalanche zone.
18:26 of 1st period - Icing by Steve Downie.
18:27 of 1st period - Shawn Horcoff wins face-off versus John Tavares in Avalanche zone.
18:45 of 1st period - Minor Penalty to Shawn Horcoff for Tripping.
18:45 of 1st period - Minor Penalty to James Wisniewski for Hooking.
18:46 of 1st period - Jason Spezza wins face-off versus Jeff Skinner in Senators zone.
19:00 of 1st period - Shot by T.J. Oshie.
19:00 of 1st period - Shot Hit the Post.
19:02 of 1st period - Shot by Kevin Shattenkirk.
19:02 of 1st period - Stopped by Craig Anderson without a rebound.
19:03 of 1st period - Jason Spezza wins face-off versus Teemu Selanne in Senators zone.
19:20 of 1st period - Shot by Jamie Benn.
19:20 of 1st period - Shot Blocked by Kevin Klein.
19:28 of 1st period - Shot by Dion Phaneuf.
19:28 of 1st period - Shot Misses the Net.
19:30 of 1st period - Shot by Nicklas Lidstrom.
19:30 of 1st period - Deflect By Jamie Benn.
19:30 of 1st period - Shot Misses the Net.
19:55 of 1st period - Shot by Claude Giroux.
19:55 of 1st period - Goal by Claude Giroux - Senators : 2 - Avalanche : 2.
19:56 of 1st period - John Tavares wins face-off versus Jeff Skinner in neutral zone.

Period #2

0:01 of 2nd period - Jason Spezza wins face-off versus Teemu Selanne in neutral zone.
0:17 of 2nd period - Jamie Benn is hit by Kevin Klein and loses puck.
0:24 of 2nd period - Shot by Jamie Benn.
0:24 of 2nd period - Shot Misses the Net.
0:26 of 2nd period - Shot by Dion Phaneuf.
0:26 of 2nd period - Shot Misses the Net.
0:28 of 2nd period - Shot by Jamie Benn.
0:28 of 2nd period - Shot Misses the Net.
0:32 of 2nd period - Shot by Jason Spezza.
0:32 of 2nd period - Shot Misses the Net.
0:47 of 2nd period - Shawn Horcoff is hit by Claude Giroux and loses puck.
0:52 of 2nd period - Shot by Paul Mara.
0:52 of 2nd period - Shot Misses the Net.
0:54 of 2nd period - Shot by Derek Stepan.
0:54 of 2nd period - Shot Misses the Net.
0:58 of 2nd period - Shot by Steve Downie.
0:58 of 2nd period - Shot Blocked by Brian Rafalski.
1:11 of 2nd period - Icing by Brian Rafalski.
1:12 of 2nd period - Olli Jokinen wins face-off versus John Tavares in Senators zone.
1:28 of 2nd period - Teemu Selanne is hit by Brian Rafalski and loses puck.
1:32 of 2nd period - Minor Penalty to Claude Giroux for Holding.
1:33 of 2nd period - Daniel Briere wins face-off versus Craig Conroy in Senators zone.
3:40 of 2nd period - Off-side.
3:41 of 2nd period - Jason Spezza wins face-off versus Shawn Horcoff in neutral zone.
4:31 of 2nd period - Sidney Crosby is hit by Kevin Klein and loses puck.
5:14 of 2nd period - Shot by Teemu Selanne.
5:14 of 2nd period - Shot Misses the Net.
5:23 of 2nd period - Icing by Sidney Crosby.
5:24 of 2nd period - Sidney Crosby wins face-off versus Daniel Briere in Senators zone.
5:50 of 2nd period - Icing by Brian Rafalski.
5:51 of 2nd period - Daniel Winnik wins face-off versus Shawn Horcoff in Senators zone.
5:51 of 2nd period - John Tavares is hit by Steve Downie and loses puck.
5:57 of 2nd period - Icing by Brian Rafalski.
5:58 of 2nd period - Claude Giroux wins face-off versus Shawn Horcoff in Senators zone.
6:24 of 2nd period - Shawn Horcoff is hit by Daniel Winnik and loses puck.
6:39 of 2nd period - Kevin Shattenkirk is hit by Claude Giroux and loses puck.
6:58 of 2nd period - Shot by Olli Jokinen.
6:58 of 2nd period - Shot Misses the Net.
8:12 of 2nd period - Teemu Selanne is hit by Claude Giroux.
8:22 of 2nd period - Shot by Claude Giroux.
8:22 of 2nd period - Stopped by Antti Niemi with a rebound.
8:24 of 2nd period - Shot by Brian Rafalski.
8:24 of 2nd period - Stopped by Antti Niemi with a rebound.
8:26 of 2nd period - Shot by Claude Giroux.
8:26 of 2nd period - Shot Misses the Net.
8:30 of 2nd period - Shot by James Wisniewski.
8:30 of 2nd period - Shot Blocked by Kevin Shattenkirk.
8:32 of 2nd period - Shot by Claude Giroux.
8:32 of 2nd period - Stopped by Antti Niemi without a rebound.
8:33 of 2nd period - Daniel Briere wins face-off versus Jason Spezza in Avalanche zone.
8:33 of 2nd period - Daniel Briere is hit by Jamie Benn.
8:43 of 2nd period - Shot by Milan Hejduk.
8:43 of 2nd period - Shot Misses the Net.
8:45 of 2nd period - Shot by Kevin Klein.
8:45 of 2nd period - Shot Blocked by Brad Boyes.
8:53 of 2nd period - Shot by Milan Hejduk.
8:53 of 2nd period - Shot Misses the Net.
8:59 of 2nd period - Shot by Daniel Briere.
8:59 of 2nd period - Stopped by Craig Anderson without a rebound.
9:00 of 2nd period - Sidney Crosby wins face-off versus Shawn Horcoff in Senators zone.
9:04 of 2nd period - Icing by Thomas Vanek.
9:05 of 2nd period - Sidney Crosby wins face-off versus Shawn Horcoff in Senators zone.
9:30 of 2nd period - Steve Downie is hit by Cory Stillman and loses puck.
9:46 of 2nd period - Minor Penalty to Brian Rafalski for Hooking.
9:47 of 2nd period - Milan Hejduk wins face-off versus Ryan Johnson in Senators zone.
11:01 of 2nd period - Shot by Teemu Selanne.
11:01 of 2nd period - Shot Misses the Net.
11:33 of 2nd period - Shot by T.J. Oshie.
11:33 of 2nd period - Deflect By Milan Hejduk.
11:33 of 2nd period - Shot Misses the Net.
11:35 of 2nd period - Shot by T.J. Oshie.
11:35 of 2nd period - Shot Blocked by Sidney Crosby.
11:37 of 2nd period - Shot by Daniel Briere.
11:37 of 2nd period - Stopped by Craig Anderson without a rebound.
11:38 of 2nd period - Shawn Horcoff wins face-off versus Craig Conroy in Senators zone.
12:36 of 2nd period - Minor Penalty to Jamie Benn for Boarding.
12:37 of 2nd period - Daniel Briere wins face-off versus Craig Conroy in Senators zone.
14:44 of 2nd period - Shot by Shawn Horcoff.
14:44 of 2nd period - Shot Blocked by Sidney Crosby.
14:48 of 2nd period - Shot by Steve Downie.
14:48 of 2nd period - Shot Blocked by Cory Stillman.
14:50 of 2nd period - Shot by Steve Downie.
14:50 of 2nd period - Goal by Steve Downie - Senators : 2 - Avalanche : 3.
14:51 of 2nd period - Jason Spezza wins face-off versus Justin Abdelkader in neutral zone.
15:52 of 2nd period - Shot by Thomas Vanek.
15:52 of 2nd period - Stopped by Antti Niemi without a rebound.
15:53 of 2nd period - Olli Jokinen wins face-off versus John Tavares in Avalanche zone.
17:10 of 2nd period - Shot by Sidney Crosby.
17:10 of 2nd period - Goal by Sidney Crosby - Senators : 3 - Avalanche : 3.
17:11 of 2nd period - Jason Spezza wins face-off versus Justin Abdelkader in neutral zone.
17:16 of 2nd period - Tomas Kopecky is hit by Jamie Benn and loses puck.
18:05 of 2nd period - Jason Spezza is hit by Michael Del Zotto and loses puck.
18:27 of 2nd period - Shot by John Tavares.
18:27 of 2nd period - Stopped by Antti Niemi without a rebound.
18:28 of 2nd period - Sidney Crosby wins face-off versus Olli Jokinen in Avalanche zone.
18:41 of 2nd period - Shot by Thomas Vanek.
18:41 of 2nd period - Stopped by Antti Niemi without a rebound.
18:42 of 2nd period - John Tavares wins face-off versus Shawn Horcoff in Avalanche zone.
18:46 of 2nd period - Minor Penalty to Paul Mara for Hooking.
18:47 of 2nd period - Jason Spezza wins face-off versus Derek Stepan in Avalanche zone.
19:00 of 2nd period - Shot by Thomas Vanek.
19:00 of 2nd period - Deflect By Claude Giroux.
19:00 of 2nd period - Stopped by Antti Niemi without a rebound.
19:01 of 2nd period - Sidney Crosby wins face-off versus Justin Abdelkader in Avalanche zone.
19:18 of 2nd period - Shot by Jamie Benn.
19:18 of 2nd period - Shot Misses the Net.
19:22 of 2nd period - Shot by Sidney Crosby.
19:22 of 2nd period - Stopped by Antti Niemi with a rebound.
19:26 of 2nd period - Shot by Jamie Benn.
19:26 of 2nd period - Stopped by Antti Niemi without a rebound.
19:27 of 2nd period - Jason Spezza wins face-off versus Derek Stepan in Avalanche zone.
19:28 of 2nd period - Shot by Nicklas Lidstrom.
19:28 of 2nd period - Shot Misses the Net.
19:30 of 2nd period - Shot by Claude Giroux.
19:30 of 2nd period - Stopped by Antti Niemi without a rebound.
19:31 of 2nd period - Jason Spezza wins face-off versus Tomas Kopecky in Avalanche zone.
19:58 of 2nd period - Shot by Nicklas Lidstrom.
19:58 of 2nd period - Stopped by Antti Niemi without a rebound.
19:59 of 2nd period - Sidney Crosby wins face-off versus Derek Stepan in Avalanche zone.

Period #3

0:01 of 3rd period - Justin Abdelkader wins face-off versus Jason Spezza in neutral zone.
0:18 of 3rd period - Shot by Thomas Vanek.
0:18 of 3rd period - Stopped by Antti Niemi with a rebound.
0:20 of 3rd period - Shot by Nicklas Lidstrom.
0:20 of 3rd period - Stopped by Antti Niemi with a rebound.
0:22 of 3rd period - Shot by Jason Spezza.
0:22 of 3rd period - Stopped by Antti Niemi without a rebound.
0:23 of 3rd period - Sidney Crosby wins face-off versus Justin Abdelkader in Avalanche zone.
0:46 of 3rd period - Shot by Sidney Crosby.
0:46 of 3rd period - Shot Misses the Net.
0:55 of 3rd period - Mike Weaver is hit by Teemu Selanne and loses puck.
1:31 of 3rd period - Icing by Nicklas Lidstrom.
1:32 of 3rd period - Shawn Horcoff wins face-off versus Sidney Crosby in Senators zone.
1:34 of 3rd period - Minor Penalty to Nicklas Lidstrom for Elbowing.
1:35 of 3rd period - Daniel Briere wins face-off versus Ryan Johnson in Senators zone.
1:58 of 3rd period - Shot by Kevin Shattenkirk.
1:58 of 3rd period - Shot Misses the Net.
2:00 of 3rd period - Shot by Kevin Shattenkirk.
2:00 of 3rd period - Shot Misses the Net.
2:02 of 3rd period - Shot by Kevin Shattenkirk.
2:02 of 3rd period - Shot Blocked by Dion Phaneuf.
2:59 of 3rd period - Off-side.
3:00 of 3rd period - Daniel Briere wins face-off versus Craig Conroy in neutral zone.
3:27 of 3rd period - Shot by T.J. Oshie.
3:27 of 3rd period - Shot Misses the Net.
3:29 of 3rd period - Shot by Kevin Klein.
3:29 of 3rd period - Stopped by Craig Anderson without a rebound.
3:30 of 3rd period - Daniel Winnik wins face-off versus Olli Jokinen in Senators zone.
3:59 of 3rd period - Shot by Derek Stepan.
3:59 of 3rd period - Stopped by Craig Anderson without a rebound.
4:00 of 3rd period - Justin Abdelkader wins face-off versus Jason Spezza in Senators zone.
4:48 of 3rd period - Jason Demers is hit by Jamie Benn and loses puck.
5:36 of 3rd period - Derek Stepan is hit by Sidney Crosby and loses puck.
5:54 of 3rd period - Minor Penalty to Sidney Crosby for Goalie Interference.
5:55 of 3rd period - Ryan Johnson wins face-off versus T.J. Oshie in Senators zone.
6:07 of 3rd period - Kevin Shattenkirk is hit by James Wisniewski and loses puck.
6:09 of 3rd period - Minor Penalty to James Wisniewski for Tripping.
6:10 of 3rd period - Ryan Johnson wins face-off versus Olli Jokinen in Senators zone.
6:25 of 3rd period - Shot by Teemu Selanne.
6:25 of 3rd period - Stopped by Craig Anderson without a rebound.
6:26 of 3rd period - Ryan Johnson wins face-off versus Daniel Briere in Senators zone.
6:52 of 3rd period - Shot by Kevin Shattenkirk.
6:52 of 3rd period - Shot Misses the Net.
7:13 of 3rd period - Off-side.
7:14 of 3rd period - Craig Conroy wins face-off versus Olli Jokinen in neutral zone.
7:27 of 3rd period - Shot by Michael Del Zotto.
7:27 of 3rd period - Shot Misses the Net.
7:29 of 3rd period - Shot by Michael Del Zotto.
7:29 of 3rd period - Shot Misses the Net.
7:31 of 3rd period - Shot by Michael Del Zotto.
7:31 of 3rd period - Shot Misses the Net.
7:39 of 3rd period - Shot by Teemu Selanne.
7:39 of 3rd period - Stopped by Craig Anderson without a rebound.
7:40 of 3rd period - Daniel Briere wins face-off versus Craig Conroy in Senators zone.
7:57 of 3rd period - Shot by Daniel Briere.
7:57 of 3rd period - Stopped by Craig Anderson with a rebound.
8:00 of 3rd period - Milan Hejduk is hit by Dion Phaneuf.
8:01 of 3rd period - Minor Penalty to Dion Phaneuf for Slashing.
8:02 of 3rd period - Teemu Selanne wins face-off versus Ryan Johnson in Senators zone.
8:17 of 3rd period - Shot by John Carlson.
8:17 of 3rd period - Stopped by Craig Anderson without a rebound.
8:18 of 3rd period - Ryan Johnson wins face-off versus Daniel Briere in Senators zone.
9:07 of 3rd period - Craig Conroy is hit by Olli Jokinen and loses puck.
9:50 of 3rd period - Shot by Daniel Briere.
9:50 of 3rd period - Stopped by Craig Anderson without a rebound.
9:51 of 3rd period - Olli Jokinen wins face-off versus Peter Regin in Senators zone.
10:02 of 3rd period - Shot by Teemu Selanne.
10:02 of 3rd period - Shot Misses the Net.
10:22 of 3rd period - Shot by Jamie Benn.
10:22 of 3rd period - Stopped by Antti Niemi without a rebound.
10:23 of 3rd period - Justin Abdelkader wins face-off versus John Tavares in Avalanche zone.
10:29 of 3rd period - Tomas Kopecky is hit by Brian Rafalski and loses puck.
11:06 of 3rd period - Icing by Kevin Klein.
11:07 of 3rd period - Justin Abdelkader wins face-off versus Sidney Crosby in Avalanche zone.
13:28 of 3rd period - Shot by T.J. Oshie.
13:28 of 3rd period - Stopped by Craig Anderson with a rebound.
14:29 of 3rd period - Shot by Sidney Crosby.
14:29 of 3rd period - Shot Misses the Net.
14:33 of 3rd period - Shot by Thomas Vanek.
14:33 of 3rd period - Shot Misses the Net.
14:35 of 3rd period - Shot by Nicklas Lidstrom.
14:35 of 3rd period - Stopped by Antti Niemi without a rebound.
14:36 of 3rd period - Justin Abdelkader wins face-off versus Jason Spezza in Avalanche zone.
14:42 of 3rd period - Shot by Brad Boyes.
14:42 of 3rd period - Stopped by Antti Niemi without a rebound.
14:43 of 3rd period - Jason Spezza wins face-off versus T.J. Oshie in Avalanche zone.
14:47 of 3rd period - Icing by John Carlson.
14:48 of 3rd period - Sidney Crosby wins face-off versus Daniel Briere in Avalanche zone.
14:48 of 3rd period - Sidney Crosby is hit by Kevin Klein.
15:20 of 3rd period - Shot by Thomas Vanek.
15:20 of 3rd period - Stopped by Antti Niemi with a rebound.
15:23 of 3rd period - Icing by Kevin Klein.
15:24 of 3rd period - Daniel Briere wins face-off versus Jason Spezza in Avalanche zone.
15:24 of 3rd period - T.J. Oshie is hit by Jamie Benn.
15:30 of 3rd period - Shot by Jason Spezza.
15:30 of 3rd period - Shot Misses the Net.
15:37 of 3rd period - Daniel Briere is hit by Jamie Benn and loses puck.
15:54 of 3rd period - Shot by Jamie Benn.
15:54 of 3rd period - Shot Misses the Net.
15:58 of 3rd period - Shot by Jason Spezza.
15:58 of 3rd period - Stopped by Antti Niemi without a rebound.
15:59 of 3rd period - Jeff Skinner wins face-off versus Sidney Crosby in Avalanche zone.
16:06 of 3rd period - Shot by Sidney Crosby.
16:06 of 3rd period - Stopped by Antti Niemi without a rebound.
16:07 of 3rd period - Olli Jokinen wins face-off versus John Tavares in Avalanche zone.
16:11 of 3rd period - Icing by Jeff Skinner.
16:12 of 3rd period - Olli Jokinen wins face-off versus Sidney Crosby in Avalanche zone.
16:20 of 3rd period - Off-side.
16:21 of 3rd period - Shawn Horcoff wins face-off versus John Tavares in neutral zone.
16:21 of 3rd period - Shawn Horcoff is hit by Claude Giroux.
16:24 of 3rd period - Michael Del Zotto is hit by James Wisniewski and loses puck.
16:43 of 3rd period - Shot by Claude Giroux.
16:43 of 3rd period - Shot Blocked by Paul Mara.
16:51 of 3rd period - Shot by Derek Stepan.
16:51 of 3rd period - Shot Misses the Net.
16:56 of 3rd period - Shot by Paul Mara.
16:56 of 3rd period - Shot Misses the Net.
17:45 of 3rd period - Shot by Jamie Benn.
17:45 of 3rd period - Stopped by Antti Niemi without a rebound.
17:46 of 3rd period - Daniel Briere wins face-off versus Sidney Crosby in Avalanche zone.
17:46 of 3rd period - Milan Hejduk is hit by Sidney Crosby.
17:57 of 3rd period - Shot by Daniel Briere.
17:57 of 3rd period - Deflect By Milan Hejduk.
17:57 of 3rd period - Stopped by Craig Anderson with a rebound.
18:01 of 3rd period - Shot by Daniel Briere.
18:01 of 3rd period - Stopped by Craig Anderson without a rebound.
18:02 of 3rd period - Jason Spezza wins face-off versus Olli Jokinen in Senators zone.
18:07 of 3rd period - Shot by Brad Boyes.
18:07 of 3rd period - Stopped by Antti Niemi with a rebound.
18:19 of 3rd period - Shot by Jason Spezza.
18:19 of 3rd period - Shot Misses the Net.
18:34 of 3rd period - Jeff Skinner is hit by Dion Phaneuf and loses puck.
19:06 of 3rd period - Icing by Kevin Klein.
19:07 of 3rd period - Sidney Crosby wins face-off versus Daniel Briere in Avalanche zone.
19:11 of 3rd period - Icing by Kevin Klein.
19:12 of 3rd period - Milan Hejduk wins face-off versus John Tavares in Avalanche zone.
19:17 of 3rd period - Shot by John Tavares.
19:17 of 3rd period - Shot Misses the Net.
19:21 of 3rd period - Shot by John Tavares.
19:21 of 3rd period - Shot Misses the Net.
19:23 of 3rd period - Shot by Claude Giroux.
19:23 of 3rd period - Stopped by Antti Niemi without a rebound.
19:24 of 3rd period - John Tavares wins face-off versus T.J. Oshie in Avalanche zone.
19:41 of 3rd period - Icing by Milan Hejduk.
19:42 of 3rd period - Daniel Briere wins face-off versus John Tavares in Avalanche zone.

Overtime #1

0:01 of 1st overtime period - Jason Spezza wins face-off versus Teemu Selanne in neutral zone.
0:08 of 1st overtime period - Shot by Jamie Benn.
0:08 of 1st overtime period - Shot Blocked by Daniel Briere.
0:14 of 1st overtime period - Nicklas Lidstrom is hit by Teemu Selanne and loses puck.
0:23 of 1st overtime period - Shot by Daniel Briere.
0:23 of 1st overtime period - Stopped by Craig Anderson without a rebound.
0:24 of 1st overtime period - John Tavares wins face-off versus Jeff Skinner in Senators zone.
0:33 of 1st overtime period - Shot by Claude Giroux.
0:33 of 1st overtime period - Stopped by Antti Niemi without a rebound.
0:34 of 1st overtime period - John Tavares wins face-off versus Jeff Skinner in Avalanche zone.
0:38 of 1st overtime period - Claude Giroux is hit by Kevin Shattenkirk and loses puck.
1:05 of 1st overtime period - Shot by T.J. Oshie.
1:05 of 1st overtime period - Shot Blocked by Brian Rafalski.
1:07 of 1st overtime period - Shot by Kevin Shattenkirk.
1:07 of 1st overtime period - Shot Blocked by Brian Rafalski.
1:35 of 1st overtime period - Shot by Jason Spezza.
1:35 of 1st overtime period - Shot Misses the Net.
1:55 of 1st overtime period - Shot by Jason Spezza.
1:55 of 1st overtime period - Deflect By Jamie Benn.
1:55 of 1st overtime period - Stopped by Antti Niemi without a rebound.
1:56 of 1st overtime period - John Tavares wins face-off versus Daniel Briere in Avalanche zone.
2:02 of 1st overtime period - Shot by John Tavares.
2:02 of 1st overtime period - Shot Blocked by Kevin Klein.
2:14 of 1st overtime period - James Wisniewski is hit by Kevin Klein and loses puck.
3:40 of 1st overtime period - Shot by Sidney Crosby.
3:40 of 1st overtime period - Stopped by Antti Niemi without a rebound.
3:41 of 1st overtime period - Teemu Selanne wins face-off versus John Tavares in Avalanche zone.
4:21 of 1st overtime period - Icing by Brian Rafalski.
4:22 of 1st overtime period - John Tavares wins face-off versus Jeff Skinner in Senators zone.
4:45 of 1st overtime period - Shot by Jason Spezza.
4:45 of 1st overtime period - Shot Misses the Net.

ShootOut

ShootOut - Penalty Shot by Dion Phaneuf for Senators.
ShootOut - Stopped by Antti Niemi.
ShootOut - Penalty Shot by Teemu Selanne for Avalanche.
ShootOut - Goal by Teemu Selanne.
ShootOut - Penalty Shot by John Tavares for Senators.
ShootOut - Goal by John Tavares.
ShootOut - Penalty Shot by Daniel Briere for Avalanche.
ShootOut - Goal by Daniel Briere.
ShootOut - Penalty Shot by Jason Spezza for Senators.
ShootOut - Shot Misses the Net.


Output by the SimonT Hockey Simulator (STHS) for Stephane Roy -- Original Page W3C XHTML 1.0 Valid